Map: Central Protocol

Players

Miszu - Winner!

  • Race: Terran Terran
  • League: Diamond

oCRaM

  • Race: Zerg Zerg
  • League: Master

VOD

Have the link to the VOD?

Description

Time

  • Played on: March 25, 2016, 7:43 p.m.
  • Length: 12:26
Show
View Real Time Build Order
Export as new Build Order

Miszu Terran - Winner!

Build Orders: MMM Bio 

Get SALT Encoding   

  12  0:01  SCV  
  13  0:13  SCV  
  14  0:18  Supply Depot  
  14  0:33  SCV  
  15  0:41  Barracks  
  15  0:43  Refinery  
  15  0:46  SCV  
  16  0:58  SCV  
  16  1:03  Barracks  
  17  1:10  SCV  
  18  1:20  Barracks  
  18  1:22  SCV  
  19  1:28  Reaper  
  20  1:37  Refinery  
  20  1:46  Orbital Command  
  20  1:51  Reaper  
  21  1:59  Supply Depot  
  21  2:05  Reaper  
  22  2:11  SCV  
  23  2:21  Reaper  
  24  2:24  Reaper  
  24  2:28  SCV  
  26  2:37  Reaper  
  26  2:40  SCV  
  28  2:52  SCV  
  28  2:53  Reaper  
  28  2:56  Reaper  
  31  3:05  Command Center  
  31  3:38  Supply Depot, Reaper x3, SCV  
  35  3:50  SCV  
  36  4:02  Command Center, SCV  
  37  4:10  Barracks Reactor  
  37  4:11  Barracks Tech Lab  
  37  4:13  Barracks Tech Lab  
  37  4:14  SCV  
  39  4:25  Orbital Command  
  39  4:26  SCV  
  39  4:35  Marine x2  
  41  4:38  Stimpack  
  41  4:52  SCV x2  
  43  4:53  Marine  
  43  5:01  Marine  
  43  5:02  Marine x2  
  43  5:04  SCV  
  43  5:06  Factory  
  47  5:08  Orbital Command  
  47  5:09  Combat Shields  
  47  5:11  Marine  
  46  5:17  SCV x2  
  46  5:19  Marine  
  46  5:20  Marine x2  
  46  5:29  Marine  
  46  5:30  Orbital Command  
  46  5:31  SCV  
  45  5:37  Marine  
  45  5:38  Marine x2  
  48  5:43  SCV  
  48  5:47  Marine  
  48  5:48  Bunker  
  48  5:49  Bunker  
  50  5:52  Factory Tech Lab  
  50  5:59  Starport  
  50  6:00  SCV x2  
  52  6:05  Marine  
  52  6:07  Marine  
  55  6:12  SCV x2  
  55  6:13  Siege Tank  
  55  6:17  Orbital Command  
  59  6:24  SCV x2  
  61  6:28  Marine  
  61  6:29  Marine x2  
  64  6:36  SCV  
  64  6:38  Bunker, Supply Depot  
  65  6:41  Supply Depot  
  65  6:43  SCV  
  67  6:48  Marine x2, SCV  
  67  6:51  Medivac  
  71  6:55  SCV  
  71  6:57  Factory Reactor  
  71  7:00  SCV  
  73  7:05  Engineering Bay  
  73  7:07  Engineering Bay, Refinery, SCV  
  74  7:12  Refinery, SCV  
  74  7:13  Marine  
  74  7:14  Marine  
  74  7:15  Marine, Orbital Command  
  78  7:19  SCV  
  78  7:21  Supply Depot, Marine  
  80  7:24  SCV  
  81  7:31  Marine, Terran Infantry Armor Level 1, SCV  
  81  7:32  Marine, Terran Infantry Weapons Level 1  
  81  7:34  Marine  
  85  7:40  SCV  
  85  7:41  SCV  
  85  7:43  SCV  
  88  7:45  Marine  
  88  7:49  Marine  
  90  7:51  Armory  
  90  7:52  SCV  
  90  7:53  SCV  
  90  7:56  Bunker, Marine x2, SCV  
  90  7:57  Factory Tech Lab  
  95  8:02  Barracks  
  95  8:03  Barracks  
  95  8:05  SCV  
  96  8:06  Marine  
  96  8:07  Marine, Medivac  
  100  8:18  Marine  
  101  8:26  Supply Depot  
  101  8:27  Supply Depot  
  101  8:29  Marine  
  101  8:30  Marine x2  
  83  8:36  Marine  
  83  8:37  Missile Turret  
  79  8:44  Medivac x2  
  79  8:47  Marine  
  79  8:48  Marine x2  
  87  8:50  Thor  
  87  8:52  Barracks Reactor  
  87  8:54  Barracks Reactor, Marine  
  91  8:56  Missile Turret  
  91  9:05  Marine  
  91  9:06  Marine x2  
  94  9:11  Marine  
  94  9:12  Barracks x2  
  94  9:14  Barracks, Missile Turret  
  95  9:17  Medivac x2  
  95  9:21  Concussive Shells  
  95  9:23  Marine, Marauder  
  104  9:24  Marauder  
  104  9:27  Terran Infantry Armor Level 2, Terran Infantry Weapons Level 2  
  104  9:29  Marine, Terran Vehicle Weapons Level 1  
  104  9:30  Marine x2  
  104  9:31  Marine  
  108  9:34  Marine  
  109  9:41  Marine  
  109  9:42  Thor  
  116  9:47  Marine  
  117  9:54  Marine x4  
  117  9:55  Marauder x2  
  117  9:57  Supply Depot  
  117  9:58  Supply Depot  
  117  9:59  Supply Depot, Marine  
  126  10:00  Barracks Tech Lab x2  
  127  10:08  Barracks Tech Lab  
  126  10:16  Marauder  
  126  10:19  Marauder  
  126  10:20  Medivac x2  
  136  10:22  Supply Depot  
  136  10:23  Supply Depot  
  134  10:30  Marine, Marauder  
  134  10:32  Marine  
  134  10:33  Marine x4, Marauder  
  143  10:36  Supply Depot  
  143  10:37  Marine  
  143  10:38  Barracks Tech Lab  
  143  10:40  Marine  
  145  10:48  Marine  
  142  10:50  Marine x3  
  142  10:55  Marine x5, Marauder  
  142  10:56  Hellion, Medivac x2  
  134  10:58  Marine  
  135  11:06  Marine  
  135  11:08  Marine x3  
  139  11:13  Marine x2  
  139  11:14  Marauder x2  
  139  11:15  Marauder  
  139  11:16  Marine  
  139  11:17  SCV  
  149  11:19  Marauder  
  149  11:24  Marine  
  127  11:33  Marine  
  127  11:34  Marauder  
  127  11:35  Marauder  
  127  11:36  Marine  
  127  11:37  Marauder  
  127  11:39  Marine x3, Marauder  
  132  11:41  Marine, Marauder  
  141  12:00  Marine  
  141  12:01  Marauder  
Show
View Real Time Build Order
Export as new Build Order

oCRaM Zerg 

Build Orders: Hatch First, Muta Ling Bane 

Get SALT Encoding   

  12  0:03  Drone  
  13  0:09  Drone  
  14  0:18  Overlord  
  14  0:24  Extractor, Drone  
  15  0:39  Drone x2  
  17  0:55  Hatchery  
  16  0:58  Drone  
  17  1:11  Spawning Pool  
  16  1:12  Extractor  
  16  1:15  Drone  
  16  1:19  Drone  
  16  1:23  Drone  
  18  1:33  Overlord  
  18  1:40  Drone  
  19  2:01  Queen  
  19  2:02  Zergling x4  
  19  2:06  Queen  
  25  2:08  Drone  
  26  2:17  Metabolic Boost  
  26  2:19  Drone x2  
  28  2:29  Drone x2  
  30  2:40  Drone x2  
  32  2:48  Overlord  
  32  2:49  Spine Crawler  
  30  2:54  Zergling x2  
  30  2:56  Zergling x2  
  32  3:01  Zergling x2  
  33  3:12  Zergling x8  
  37  3:13  Zergling x2  
  37  3:20  Zergling x6  
  37  3:25  Zergling x2  
  40  3:30  Zergling x2  
  40  3:34  Zergling x2  
  40  3:37  Queen  
  43  3:48  Zergling x4  
  44  3:52  Overlord x4  
  43  4:11  Zergling x2  
  43  4:12  Zergling x8  
  43  4:13  Hatchery  
  47  4:22  Zergling x4  
  47  4:36  Lair  
  47  4:37  Zergling x14  
  47  5:04  Zergling x2  
  47  5:05  Zergling x20  
  54  5:16  Zergling x4  
  54  5:20  Extractor x2  
  45  5:35  Drone x2  
  45  5:40  Extractor  
  45  5:42  Drone x2  
  47  5:47  Spire  
  47  5:49  Drone x4  
  50  5:54  Drone x2  
  52  6:03  Drone  
  52  6:04  Drone  
  54  6:12  Drone x3  
  54  6:13  Drone x2  
  54  6:16  Overseer  
  59  6:23  Baneling Nest  
  59  6:25  Drone x2  
  60  6:33  Drone  
  60  6:34  Drone x2  
  63  6:42  Drone x3  
  63  6:46  Drone x2  
  68  6:55  Drone x3  
  71  7:02  Drone x3  
  71  7:08  Centrifical Hooks  
  74  7:13  Baneling  
  74  7:14  Baneling x8  
  74  7:19  Overlord  
  74  7:20  Overlord x2  
  74  7:31  Overlord x3  
  74  7:34  Zerg Flyer Weapons Level 1  
  74  7:46  Mutalisk  
  74  7:47  Mutalisk x2  
  74  7:49  Zergling x2  
  74  7:50  Zergling x16  
  89  7:53  Drone x2  
  91  8:05  Mutalisk x2  
  91  8:08  Mutalisk  
  97  8:16  Baneling x3  
  97  8:19  Zergling x10  
  103  8:20  Zergling x6  
  91  8:35  Mutalisk x2  
  91  8:39  Drone x2  
  91  8:40  Drone x4  
  99  8:47  Baneling  
  99  8:48  Baneling x5  
  99  8:49  Drone x3  
  99  8:50  Drone x4  
  99  8:52  Extractor  
  99  8:53  Extractor  
  104  9:02  Mutalisk  
  106  9:12  Spine Crawler  
  106  9:13  Spine Crawler  
  106  9:14  Spine Crawler  
  103  9:18  Mutalisk x2  
  103  9:23  Zergling x10  
  103  9:24  Zergling x4  
  114  9:29  Overseer  
  114  9:30  Overseer  
  114  9:32  Pneumatized Carapace  
  114  9:33  Zergling x4  
  114  9:34  Zergling x6  
  114  9:37  Mutalisk  
  121  9:40  Baneling x3, Hatchery  
  121  9:41  Baneling  
  121  9:42  Zergling x2  
  121  9:56  Zergling x2  
  121  9:57  Overlord x3  
  121  9:59  Baneling x2  
  122  10:01  Baneling x7  
  122  10:02  Baneling  
  122  10:03  Overlord x3  
  122  10:16  Zergling x8  
  122  10:17  Zergling x14  
  133  10:31  Zergling x12  
  133  10:32  Zergling x6  
  142  10:36  Evolution Chamber x2  
  139  10:45  Infestation Pit  
  117  10:56  Zergling x2  
  117  10:57  Zergling x22  
  102  11:01  Baneling  
  102  11:02  Baneling x13  
  102  11:04  Zergling x6  
  106  11:09  Baneling x3  
  78  11:41  Zergling x2  
  78  11:42  Zergling x38  
  97  11:48  Zergling x6  
  100  11:59  Mutalisk  
  100  12:01  Baneling x5  
  104  12:02  Baneling  
  104  12:03  Baneling x2  
Tags
 
Add a new tag
Caveats
  • Supply blocks, unpowered buildings, or Contaminate may cause inaccurate times.
  • Supply counts are checked every 10 seconds.